[ PARTIDA AOE2 · #506715455 ]
UnrankedGurjaras vs Saracens
Equipo del jugador · VICT
Equipo rival · DERR
[ ANÁLISIS DE REPETICIÓN · EXTRAÍDO DE LA PARTIDA GRABADA ]
Feudal
8:25
Castillos
25:29
Imperial
—
| APM promedio | 106.3 |
| APM pico | 159 |
| eAPM promedio | 34.3 |
| Aldeanos / militares | 68 / 49 |
Foco
⚔️ 53.5% · 🌾 46.5%
Archer ×31 · Scout Cavalry ×16 · Spearman ×1 · Skirmisher ×1
Feudal
9:02
Castillos
—
Imperial
—
| APM promedio | 62.7 |
| APM pico | 106 |
| eAPM promedio | 24.0 |
| Aldeanos / militares | 49 / 39 |
Foco
⚔️ 36.7% · 🌾 63.3%
Skirmisher ×12 · Archer ×10 · Spearman ×7 · Scout Cavalry ×7 · Militia ×3
Mapa de la partida
Recursos iniciales + cada clic de construcción. Líneas = muros · curvas = relieve. ◆ oro · ⬟ piedra · ● bayas · ✦ reliquia · ◌ hueco del cierre
Tu base· Abierta — hueco de 3t
Base de Eden· Abierta — flanco sin cerrar
Terreno inicial suavizado · ◌ = hueco del cierre detectado · pasá el cursor para detalles
Inputs por minuto
— MegaFish - - Eden
Build order — MegaFish
Primeras 150 de 197 acciones detectadas
| 0:00 | Encolar | Villager (Male) |
| 0:00 | Encolar | Villager (Male) |
| 0:01 | Encolar | Villager (Male) |
| 0:02 | Construir | House |
| 0:02 | Construir | House |
| 0:06 | Encolar | Villager (Male) |
| 0:06 | Encolar | Villager (Male) |
| 0:23 | Construir | Mill |
| 1:22 | Encolar | Villager (Male) |
| 1:22 | Encolar | Villager (Male) |
| 1:55 | Encolar | Villager (Male) |
| 1:55 | Encolar | Villager (Male) |
| 2:10 | Encolar | Villager (Male) |
| 2:10 | Encolar | Villager (Male) |
| 2:43 | Encolar | Villager (Male) |
| 2:43 | Encolar | Villager (Male) |
| 3:06 | Encolar | Villager (Male) |
| 3:08 | Encolar | Villager (Male) |
| 3:08 | Encolar | Villager (Male) |
| 3:39 | Encolar | Villager (Male) |
| 3:41 | Construir | House |
| 3:43 | Construir | House |
| 3:53 | Encolar | Villager (Male) |
| 3:53 | Encolar | Villager (Male) |
| 4:17 | Construir | House |
| 4:30 | Encolar | Villager (Male) |
| 4:30 | Encolar | Villager (Male) |
| 4:30 | Encolar | Villager (Male) |
| 4:42 | Construir | Palisade Wall |
| 4:48 | Encolar | Villager (Male) |
| 4:56 | Encolar | Villager (Male) |
| 4:56 | Encolar | Villager (Male) |
| 5:08 | Encolar | Villager (Male) |
| 5:08 | Encolar | Villager (Male) |
| 5:21 | Encolar | Villager (Male) |
| 5:22 | Construir | Lumber Camp |
| 5:41 | Investigar | Loom |
| 6:11 | Investigar | Feudal Age |
| 6:11 | Investigar | Feudal Age |
| 7:18 | Construir | Barracks |
| 7:46 | Encolar | Villager (Male) |
| 8:25 | Edad | Edad Feudal |
| 8:27 | Construir | Archery Range |
| 8:30 | Encolar | Spearman |
| 8:33 | Investigar | Double-Bit Axe |
| 8:33 | Investigar | Double-Bit Axe |
| 8:43 | Encolar | Villager (Male) |
| 9:13 | Encolar | Archer |
| 9:13 | Encolar | Archer |
| 9:16 | Encolar | Villager (Male) |
| 9:18 | Construir | Mining Camp |
| 9:39 | Encolar | Villager (Male) |
| 9:44 | Construir | House |
| 9:48 | Construir | Palisade Wall |
| 10:00 | Encolar | Skirmisher |
| 10:01 | Encolar | Villager (Male) |
| 10:20 | Encolar | Villager (Male) |
| 10:25 | Construir | Blacksmith |
| 10:30 | Encolar | Archer |
| 10:40 | Encolar | Villager (Male) |
| 11:00 | Construir | House |
| 11:05 | Construir | Palisade Wall |
| 11:12 | Construir | Palisade Wall |
| 11:14 | Construir | Palisade Wall |
| 11:16 | Construir | House |
| 11:21 | Construir | Palisade Wall |
| 11:28 | Encolar | Villager (Male) |
| 11:43 | Encolar | Archer |
| 11:43 | Encolar | Archer |
| 11:52 | Encolar | Archer |
| 12:02 | Encolar | Villager (Male) |
| 12:03 | Encolar | Archer |
| 12:04 | Encolar | Archer |
| 12:09 | Encolar | Villager (Male) |
| 12:09 | Encolar | Villager (Male) |
| 12:18 | Encolar | Villager (Male) |
| 12:18 | Encolar | Villager (Male) |
| 12:42 | Construir | Lumber Camp |
| 12:43 | Encolar | Villager (Male) |
| 12:48 | Investigar | Fletching |
| 12:48 | Investigar | Fletching |
| 13:09 | Encolar | Archer |
| 13:10 | Encolar | Archer |
| 13:11 | Encolar | Archer |
| 13:11 | Encolar | Archer |
| 13:19 | Construir | House |
| 13:25 | Construir | House |
| 13:58 | Encolar | Villager (Male) |
| 13:58 | Encolar | Archer |
| 13:58 | Encolar | Archer |
| 14:04 | Encolar | Villager (Male) |
| 14:06 | Construir | Farm |
| 14:11 | Construir | Stable |
| 14:25 | Construir | Farm |
| 14:32 | Encolar | Archer |
| 14:34 | Encolar | Villager (Male) |
| 14:41 | Construir | Farm |
| 14:56 | Encolar | Archer |
| 15:07 | Encolar | Villager (Male) |
| 15:20 | Encolar | Villager (Male) |
| 15:22 | Encolar | Scout Cavalry |
| 15:22 | Encolar | Scout Cavalry |
| 15:24 | Encolar | Archer |
| 15:26 | Construir | Farm |
| 15:35 | Encolar | Archer |
| 15:38 | Construir | Farm |
| 16:03 | Encolar | Villager (Male) |
| 16:05 | Encolar | Scout Cavalry |
| 16:06 | Construir | Farm |
| 16:06 | Construir | Farm |
| 16:06 | Construir | Farm |
| 16:07 | Construir | Farm |
| 16:07 | Construir | Farm |
| 16:07 | Construir | Farm |
| 16:18 | Encolar | Villager (Male) |
| 16:38 | Encolar | Villager (Male) |
| 16:51 | Construir | Farm |
| 16:51 | Construir | Farm |
| 16:51 | Construir | Farm |
| 16:51 | Construir | Farm |
| 16:56 | Encolar | Scout Cavalry |
| 17:17 | Encolar | Villager (Male) |
| 17:21 | Encolar | Archer |
| 17:21 | Encolar | Archer |
| 17:46 | Encolar | Villager (Male) |
| 17:47 | Encolar | Villager (Male) |
| 17:51 | Encolar | Scout Cavalry |
| 17:51 | Encolar | Scout Cavalry |
| 18:02 | Construir | Farm |
| 18:02 | Construir | Farm |
| 18:06 | Construir | House |
| 18:25 | Construir | House |
| 18:43 | Encolar | Villager (Male) |
| 18:46 | Investigar | Scale Barding Armor |
| 18:49 | Construir | Lumber Camp |
| 18:56 | Encolar | Scout Cavalry |
| 19:10 | Encolar | Archer |
| 19:11 | Encolar | Archer |
| 19:19 | Encolar | Villager (Male) |
| 19:24 | Construir | Lumber Camp |
| 19:33 | Encolar | Scout Cavalry |
| 19:42 | Encolar | Villager (Male) |
| 19:50 | Construir | Farm |
| 19:59 | Encolar | Villager (Male) |
| 20:12 | Encolar | Archer |
| 20:18 | Encolar | Villager (Male) |
| 20:24 | Encolar | Villager (Male) |
| 20:32 | Encolar | Archer |
| 20:46 | Encolar | Villager (Male) |
| 20:52 | Encolar | Villager (Male) |
Build order — Eden
146 acciones detectadas en el replay
| 0:00 | Encolar | Villager (Male) ×4 |
| 0:02 | Construir | House |
| 0:03 | Construir | House |
| 1:35 | Encolar | Villager (Male) |
| 1:35 | Encolar | Villager (Male) |
| 2:08 | Encolar | Villager (Male) |
| 2:09 | Encolar | Villager (Male) |
| 2:26 | Encolar | Villager (Male) |
| 2:52 | Encolar | Villager (Male) |
| 3:07 | Construir | House |
| 3:14 | Encolar | Villager (Male) |
| 3:14 | Encolar | Villager (Male) |
| 3:26 | Encolar | Villager (Male) |
| 3:29 | Construir | Lumber Camp |
| 3:41 | Encolar | Villager (Male) |
| 5:00 | Encolar | Villager (Male) |
| 5:22 | Construir | House |
| 5:31 | Encolar | Villager (Male) |
| 5:57 | Encolar | Villager (Male) |
| 5:57 | Investigar | Loom |
| 6:05 | Construir | Mill |
| 6:52 | Investigar | Feudal Age |
| 7:40 | Construir | Barracks |
| 8:23 | Encolar | Militia |
| 8:23 | Encolar | Militia |
| 8:47 | Construir | Palisade Wall |
| 8:49 | Construir | Palisade Wall |
| 9:02 | Edad | Edad Feudal |
| 9:03 | Encolar | Militia |
| 9:05 | Encolar | Villager (Male) |
| 9:07 | Encolar | Spearman |
| 9:12 | Construir | House |
| 9:25 | Construir | Palisade Wall |
| 9:37 | Encolar | Villager (Male) |
| 9:53 | Construir | Stable |
| 10:07 | Construir | Palisade Wall |
| 10:09 | Construir | Palisade Wall |
| 10:10 | Construir | Palisade Wall |
| 10:18 | Encolar | Villager (Male) |
| 10:21 | Construir | Farm |
| 10:26 | Investigar | Man-at-Arms (upgrade) |
| 10:34 | Construir | Farm |
| 10:41 | Encolar | Scout Cavalry |
| 10:48 | Construir | Palisade Gate |
| 11:17 | Encolar | Villager (Male) |
| 11:20 | Construir | Farm |
| 11:44 | Construir | Farm |
| 11:45 | Encolar | Scout Cavalry |
| 11:58 | Encolar | Villager (Male) |
| 12:10 | Construir | Archery Range |
| 12:14 | Encolar | Villager (Male) |
| 12:20 | Construir | House |
| 12:31 | Encolar | Villager (Male) |
| 12:34 | Investigar | Double-Bit Axe |
| 12:34 | Investigar | Double-Bit Axe |
| 12:43 | Encolar | Villager (Male) |
| 12:45 | Construir | Farm |
| 13:02 | Encolar | Villager (Male) |
| 13:09 | Encolar | Villager (Male) |
| 13:17 | Encolar | Skirmisher |
| 13:28 | Construir | House |
| 13:45 | Encolar | Villager (Male) |
| 13:53 | Encolar | Villager (Male) |
| 14:07 | Encolar | Skirmisher |
| 14:11 | Construir | Blacksmith |
| 14:22 | Encolar | Scout Cavalry |
| 14:33 | Encolar | Skirmisher |
| 14:45 | Construir | Lumber Camp |
| 14:46 | Encolar | Villager (Male) |
| 15:00 | Encolar | Villager (Male) |
| 15:03 | Encolar | Spearman |
| 15:11 | Construir | Lumber Camp |
| 15:21 | Encolar | Skirmisher |
| 15:29 | Encolar | Villager (Male) |
| 16:03 | Encolar | Villager (Male) |
| 16:07 | Construir | Farm |
| 16:09 | Encolar | Archer |
| 16:11 | Investigar | Fletching |
| 16:34 | Construir | House |
| 16:42 | Encolar | Villager (Male) |
| 16:50 | Encolar | Spearman |
| 16:56 | Construir | House |
| 16:58 | Construir | Palisade Wall |
| 17:00 | Construir | Palisade Wall |
| 17:01 | Construir | Palisade Wall |
| 17:21 | Encolar | Skirmisher |
| 17:28 | Construir | Lumber Camp |
| 17:59 | Encolar | Villager (Male) |
| 18:02 | Construir | Farm |
| 18:03 | Encolar | Villager (Male) |
| 18:06 | Construir | House |
| 18:09 | Encolar | Skirmisher |
| 18:15 | Construir | House |
| 18:41 | Encolar | Spearman |
| 18:46 | Construir | Farm |
| 18:57 | Encolar | Villager (Male) |
| 19:02 | Construir | Farm |
| 19:06 | Construir | Farm |
| 19:07 | Encolar | Archer |
| 19:26 | Encolar | Villager (Male) |
| 19:46 | Encolar | Skirmisher |
| 19:57 | Encolar | Villager (Male) |
| 19:59 | Construir | Farm |
| 20:12 | Encolar | Archer |
| 20:14 | Construir | House |
| 20:19 | Construir | Watch Tower |
| 20:28 | Encolar | Skirmisher |
| 20:32 | Construir | Farm |
| 20:34 | Encolar | Skirmisher |
| 21:02 | Encolar | Villager (Male) |
| 21:03 | Encolar | Skirmisher |
| 21:14 | Construir | Farm |
| 21:15 | Encolar | Skirmisher |
| 21:29 | Encolar | Villager (Male) |
| 21:38 | Construir | Farm |
| 21:46 | Encolar | Villager (Male) |
| 22:13 | Encolar | Spearman |
| 22:15 | Encolar | Scout Cavalry |
| 22:25 | Construir | Farm |
| 22:29 | Construir | Farm |
| 22:41 | Encolar | Villager (Male) |
| 22:49 | Encolar | Scout Cavalry |
| 22:52 | Encolar | Archer |
| 23:13 | Encolar | Archer |
| 23:13 | Encolar | Archer |
| 23:15 | Encolar | Villager (Male) |
| 23:22 | Encolar | Archer |
| 23:29 | Encolar | Villager (Male) |
| 23:33 | Construir | House |
| 23:33 | Construir | House |
| 23:45 | Encolar | Skirmisher |
| 24:11 | Encolar | Villager (Male) |
| 24:14 | Encolar | Scout Cavalry |
| 24:17 | Encolar | Archer |
| 24:22 | Encolar | Archer |
| 24:27 | Encolar | Spearman |
| 24:29 | Encolar | Archer |
| 24:32 | Construir | Farm |
| 24:33 | Construir | Farm |
| 24:34 | Investigar | Horse Collar |
| 24:34 | Encolar | Villager (Male) |
| 24:48 | Encolar | Villager (Male) |
| 25:00 | Encolar | Spearman |
| 25:02 | Encolar | Scout Cavalry |
| 25:31 | Construir | Farm |
| 25:32 | Encolar | Villager (Male) |
Cronología de la partida
| 4:42 | MegaFish · wall_segment Palisade Wall x4 |
| 7:18 | MegaFish · first_building Barracks |
| 7:40 | Eden · first_building Barracks |
| 8:25 | MegaFish · age_up feudal |
| 8:27 | MegaFish · first_building Archery Range |
| 8:47 | Eden · wall_segment Palisade Wall x1 |
| 8:49 | Eden · wall_segment Palisade Wall x3 |
| 9:02 | Eden · age_up feudal |
| 9:25 | Eden · wall_segment Palisade Wall x6 |
| 9:48 | MegaFish · wall_segment Palisade Wall x1 |
| 9:53 | Eden · first_building Stable |
| 10:07 | Eden · wall_segment Palisade Wall x1 |
| 10:09 | Eden · wall_segment Palisade Wall x1 |
| 10:10 | Eden · wall_segment Palisade Wall x1 |
| 11:05 | MegaFish · wall_segment Palisade Wall x1 |
| 11:12 | MegaFish · wall_segment Palisade Wall x1 |
| 11:14 | MegaFish · wall_segment Palisade Wall x1 |
| 11:21 | MegaFish · wall_segment Palisade Wall x1 |
| 12:10 | Eden · first_building Archery Range |
| 14:11 | MegaFish · first_building Stable |
| 16:58 | Eden · wall_segment Palisade Wall x1 |
| 17:00 | Eden · wall_segment Palisade Wall x1 |
| 17:01 | Eden · wall_segment Palisade Wall x1 |
| 25:29 | MegaFish · age_up castle |
| 25:36 | Eden · resign |
[ ANÁLISIS IA · 1 CRÉDITO ]
¿Qué pasó realmente en esta partida?
Wolo.gg analiza cada decisión: build order, eco, micro, errores típicos por bracket. Análisis personalizado por WhatsApp o Discord en 30 segundos.
Guía civ
Gurjaras
Perfil
Jugador #8578467